 Dungeon Crawl Stone Soup version 0.28.0-47-ge53b351184 (webtiles) character file.

Game seed: 12868054578827286641

10 winsomniak the Magician (level 2, -3/17 HPs)
             Began as an Octopode Hedge Wizard on May 1, 2022.
             Was a Follower of Okawaru.
             Slain by a gnoll
             ... wielding a +0 spear
              (6 damage)
             ... on level 1 of the Dungeon.
             The game lasted 00:08:20 (453 turns).

winsomniak the Magician (Octopode Hedge Wizard)      Turns: 453, Time: 00:08:21

Health: -3/17      AC:  1    Str:  9    XL:     2   Next: 20%
Magic:  4/6        EV: 15    Int: 16    God:    Okawaru [*.....]
Gold:   22         SH:  0    Dex: 11    Spells: 6/7 levels left

rFire   . . .      SeeInvis .   a - +0 dagger
rCold   . . .      Faith    .   (no shield)
rNeg    . . .      Spirit   .   b - +0 hat
rPois   .          Reflect  .   (no amulet)
rElec   .          Harm     .   (no ring)
rCorr   .          Rampage  .   (no ring)
Will    .....                   (no ring)
Stlth   +++++.....              (no ring)
HPRegen 0.05/turn               (no ring)
MPRegen 0.10/turn               (no ring)
                                (no ring)
                                (no ring)

@: heroic
A: almost no armour, amphibious, 8 rings, camouflage 1, gelatinous body 1,
(nimble swimmer 1), tentacles
a: Renounce Religion, Heroism


You were on level 1 of the Dungeon.
You worshipped Okawaru.
Okawaru was aware of your devotion.
You visited 1 branch of the dungeon, and saw 1 of its levels.

You collected 22 gold pieces.

Inventory:

Hand Weapons
 a - a +0 dagger (weapon)
Armour
 b - a +0 hat (worn)
Scrolls
 c - a scroll of silence {unknown}
Potions
 d - a potion of haste {unknown}


   Skills:
 + Level 2.1(7.1) Dodging
 * Level 3.1(8.1) Stealth
 + Level 3.1 Spellcasting
 + Level 1.1 Conjurations
 - Level 1.0 Summonings
 + Level 1.2 Translocations
 + Level 0.1 Invocations


You had 6 spell levels left.
You knew the following spells:

 Your Spells              Type           Power      Damage    Failure   Level
a - Magic Dart            Conj           24%        1d4       12%         1

Your spell library contained the following spells:

 Spells                   Type           Power      Damage    Failure   Level
 Blink                    Tloc           12%        N/A       17%         2
 Slow                     Hex            8%         N/A       19%         1
 Conjure Flame            Conj/Fire      4%         6-21      41%         3
 Mephitic Cloud           Conj/Pois/Air  3%         N/A       43%         3
 Call Imp                 Summ           Unusable   N/A       N/A         2

Dungeon Overview and Level Annotations

Branches:
Dungeon (1/15)

Altars:
Okawaru


Innate Abilities, Weirdness & Mutations

You cannot wear most types of armour.
You are amphibious.
You can wear up to eight rings at the same time.
Your skin changes colour to match your surroundings (Stealth+).
Your rubbery body absorbs attacks. (AC +1, EV +1)
((You are camouflaged when in or above water. (Stealth+)))
You have tentacles for arms and can constrict up to eight enemies at once.


Message History

You hit the ball python but do no damage.
You grab the ball python. You constrict the ball python.
The ball python barely misses you. The ball python grabs you.
The ball python constricts you. The ball python bites you.
The ball python constricts you.
You hit the ball python.
You kill the ball python!
Okawaru accepts your kill.
You now have 22 gold pieces (gained 8).
A quokka comes into view.
Hit: a) +0 dagger
Press: ? - help, Dir - move target, f - you
Okay, then.
You completely miss the quokka. You grab the quokka.
You constrict the quokka, but do no damage.
The quokka bites you but does no damage.
The quokka bites you.
You hit the quokka.
The quokka is moderately wounded.
You constrict the quokka. The quokka misses you.
You hit the quokka.
The quokka is severely wounded.
You constrict the quokka, but do no damage.
The quokka misses you.
You barely miss the quokka.
The quokka is severely wounded.
You constrict the quokka.
You kill the quokka!
Okawaru accepts your kill.
Found 11 stones.
A gnoll comes into view. It is wielding a +0 spear.
The gnoll shouts!
The gnoll closely misses you. The gnoll hits you with a +0 spear!
The gnoll hits you from afar with a +0 spear.
* * * LOW HITPOINT WARNING * * *
A ball python comes into view.
You gain the combat prowess of a mighty hero.
The gnoll hits you from afar with a +0 spear.
You die...

#.###... ....#..#
#.#.#..# #.#.#..#
#########.#.#..#
####..............#######
.....#######.#..g........
............(.....#######
.....######.....@.......S
...#.... #.#.###########
.....### #.#..
##.#..###.#.####
............ #.....## #.
.......## .8..8...# #
........#.#


You could see a gnoll.

Vanquished Creatures
  A bat (D:1)
  A hobgoblin (D:1)
  2 jackals (D:1)
  A quokka (D:1)
  A ball python (D:1)
  A frilled lizard (D:1)
  A kobold (D:1)
  2 rats (D:1)
10 creatures vanquished.

Notes
Turn   | Place    | Note
-------+----------+-------------------------------------------
     0 | D:1      | winsomniak the Octopode Hedge Wizard began the quest for
                  | the Orb.
     0 | D:1      | Reached XP level 1. HP: 11/11 MP: 4/4
     8 | D:1      | Found a faded altar of an unknown god.
    23 | D:1      | Prayed at the altar of an unknown god.
    23 | D:1      | Became a worshipper of Warmaster Okawaru
    23 | D:1      | Reached * piety under Okawaru
   150 | D:1      | Reached XP level 2. HP: 10/17 MP: 6/6
   453 | D:1      | Slain by a gnoll

Illustrated notes

Levels and vault maps discovered:
D:1:      minmay_arrival_checkered_box, layout_basic,
          hellmonk_ecumenical_altar_dog_temple, hangedman_decor_clover_reticule,
          minmay_misc_feat_plants, minmay_statues_item

Skill      XL: |  1 |
---------------+----+-----
Stealth        | 3 |  3.1
Dodging        | |  2.1
Spellcasting   | |  3.1
Conjurations   | |  1.1
Summonings     | |  1.0
Translocations | |  1.2
Invocations    | |  0.1

Action                   || total
-------------------------++-------
Melee: Dagger            ||    21
       Tentacles         ||     5
       Constrict         ||     7
       Punch             ||     1
Invok: Heroism           ||     1
 Stab: Sleeping          ||     3
Armor: Skin              ||     2
Dodge: Dodged            ||    22
